 Dungeon Crawl Stone Soup version 0.17.1-2-g5865329 (webtiles) character file.

84 kaze the Ruffian (level 4, -4/45 HPs)
             Began as a Troll Berserker on Jan 27, 2016.
             Was a Believer of Trog.
             Slain by an ogre
             ... wielding a +0 giant club
              (17 damage)
             ... while paralysed
             ... on level 4 of the Dungeon.
             The game lasted 00:06:04 (1701 turns).

kaze the Ruffian (Troll Berserker)                  Turns: 1701, Time: 00:06:05

Health: -4/45      AC:  5    Str: 26    XL:     4   Next: 24%
Magic:  3/3        EV:  1    Int:  3    God:    Trog [**....]
Gold:   158        SH:  0    Dex:  9    Spells: 0 memorised, 3 levels left

rFire  . . .     SeeInvis .     n - +0 hand axe
rCold  . . .     Clarity  .     a - +0 animal skin
rNeg   . . .     SustAt   .     (no shield)
rPois  .         Gourm    +     (helmet restricted)
rElec  .         Spirit   .     (no cloak)
rCorr  .         Warding  .     (gloves unavailable)
rMut   .         Stasis   .     (boots unavailable)
MR     ++...                    (no amulet)
Stlth  +.........               (no ring)
                                (no ring)

@: paralysed, exhausted, regenerating, slowed, very resistant to hostile
enchantments, very unstealthy
A: unfitting armour, claws 3, fast metabolism 3, gourmand, regeneration 2,
shaggy fur 1, tough skin 2
a: Berserk, Trog's Hand, Burn Spellbooks, Renounce Religion


You were on level 4 of the Dungeon.
You worshipped Trog.
Trog was pleased with you.
You were not hungry.

You visited 1 branch of the dungeon, and saw 4 of its levels.

You collected 158 gold pieces.

Inventory:

Hand Weapons
 n - a +0 hand axe (weapon)
Armour
 a - a +0 animal skin (worn)
Wands
 f - a wand of slowing (19)
Scrolls
 h - 4 scrolls of identify {unknown}
 i - a scroll of amnesia {unknown}
 j - a scroll of remove curse {unknown}
 l - 2 scrolls of enchant weapon {unknown}
Potions
 c - a potion of invisibility {unknown}
 e - a potion of might {unknown}
 g - a potion of resistance {unknown}
 k - a potion of poison {unknown}
Comestibles
 b - 3 bread rations
 d - a meat ration
 m - a royal jelly


   Skills:
 + Level 3.0 Fighting
 + Level 3.3 Dodging
 + Level 0.2 Stealth
 + Level 3.5 Unarmed Combat


You had 3 spell levels left.
You didn't know any spells.

Dungeon Overview and Level Annotations

Branches:
Dungeon (4/15)
 Temple: D:4-7

Altars:
Xom

Annotations:
D:4 Robin


Innate Abilities, Weirdness & Mutations

You are too large for most types of armour.
You have claws for hands.
Your metabolism is lightning-fast.
You like to eat raw meat.
You heal very quickly.
You are covered in fur (AC +1).
You have very tough skin (AC +2).


Message History

You slash the ogre!
The ogre is heavily wounded.
The ogre hits you but does no damage.
Items here: ( )) † a hunting sling; 13 stones; a dagger; a goblin corpse You feel a strong urge to attack something.
Robin roars a battlecry!
The goblins go into a battle-frenzy!
You feel your anger subside.
You are no longer berserk.
You pass out from exhaustion.
You feel yourself slow down. Robin throws the goblin at you!
* * * LOW HITPOINT WARNING * * *
You feel the effects of Trog's Hand fading.
The goblin hits you with an uncursed dagger of speed.
* * * LOW HITPOINT WARNING * * *
The goblin hits you but does no damage. The goblin hits you but does no damage.
The ogre hits you with a giant club!
You die...

#.# #.#.###.#.
#<# #.g..g..g.
#.# #gg# #.#
##g# #.# #g#
#(####)#####.#
#....(.......#
######O#######
#@# #g# #.#
#.# #.# ..#
###


You could see an ogre, Robin and 5 goblins.

Vanquished Creatures
  Terence (D:3)
  An adder (D:3)
  An ooze (D:1)
  A worm (D:3)
  2 giant geckos (D:1)
  3 bats (D:1)
  6 hobgoblins
  7 jackals (D:2)
  A giant newt (D:1)
  7 goblins
  4 kobolds
  2 quokkas (D:3)
  2 rats
38 creatures vanquished.

Notes
Turn   | Place    | Note
--------------------------------------------------------------
     0 | D:1      | kaze the Troll Berserker began the quest for the Orb.
     0 | D:1      | Reached XP level 1. HP: 22/22 MP: 0/0
   290 | D:1      | Reached XP level 2. HP: 29/29 MP: 1/1
   337 | D:1      | Found a shimmering altar of Xom.
   995 | D:2      | Reached XP level 3. HP: 36/36 MP: 2/2
  1252 | D:3      | Noticed Terence
  1262 | D:3      | Killed Terence
  1317 | D:3      | Reached ** piety under Trog
  1347 | D:3      | Reached XP level 4. HP: 43/45 MP: 3/3
  1684 | D:4      | Noticed an ogre
  1685 | D:4      | Noticed Robin
  1701 | D:4      | Slain by an ogre

Action                   |  1- 3 |  4- 6 || total
-------------------------+-------+-------++-------
Melee: Unarmed           |    71 |    15 ||    86
       Hand axe          |       |     3 ||     3
Invok: Burn Spellbooks   |     1 |       ||     1
       Berserk           |       |     1 ||     1
       Trog's Hand       |       |     1 ||     1
  Eat: Chunk             |    17 |       ||    17
